 Dungeon Crawl Stone Soup version 0.30-a0-778-g2ef04afb54 (webtiles) character file.

Game seed: 1477715776045532296

0 Esekla the Sneak (level 1, 16/16 HPs)
             Began as an Octopode Delver on Feb 16, 2023.
             Quit the game on level 6 of the Dungeon.
             The game lasted 00:01:45 (79 turns).

Esekla the Sneak (Octopode Delver)                    Turns: 79, Time: 00:01:46

Health: 16/16      AC:  1    Str: 11    XL:     1   Next: 10%
Magic:  1/1        EV: 13    Int: 12    God:
Gold:   5          SH:  0    Dex: 13    Spells: 0/0 levels left

rFire   . . .      SeeInvis .    a - +0 falchion
rCold   . . .      Faith    .    (no shield)
rNeg    . . .      Spirit   .    (helmet restricted)
rPois   .          Reflect  .    (no amulet)
rElec   .          Harm     .    (no ring)
rCorr   .          Rampage  .    (no ring)
Will    .....                    (no ring)
Stlth   ++++                     (no ring)
HPRegen 0.22/turn                (no ring)
MPRegen 0.07/turn                (no ring)
                                 (no ring)
                                 (no ring)

@: no status effects
A: almost no armour, amphibious, 8 rings, camouflage 1, gelatinous body 1,
(nimble swimmer 1), tentacles
a: no special abilities


You were on level 6 of the Dungeon.
You visited 1 branch of the dungeon, and saw 2 of its levels.

You collected 5 gold pieces.

Inventory:

Hand Weapons
 a - a +0 falchion (weapon)
Wands
 f - a wand of digging (3)
Scrolls
 b - a scroll of fog
 d - a scroll of fear
Potions
 e - a potion of haste


   Skills:
 + Level 3.0 Fighting
 + Level 2.0 Long Blades
 + Level 2.0 Dodging
 + Level 6.6 Stealth


You couldn't memorise any spells.
You didn't know any spells.
Your spell library was empty.

Dungeon Overview and Level Annotations

Branches:
Dungeon (6/15)
 Temple: D:4-7

Altars:
Cheibriados
Dithmenos
Wu Jian
Yredelemnul

Shops:
D:5 :

Annotations:
D:5 Grinder, Pikel


Innate Abilities, Weirdness & Mutations

You cannot wear most types of armour.
You are amphibious.
You can wear up to eight rings at the same time.
Your skin changes colour to match your surroundings (Stealth+).
Your rubbery body absorbs attacks. (AC +1, EV +1)
((You are camouflaged when in or above water. (Stealth+)))
You have tentacles for arms and can constrict up to eight enemies at once.


Message History

There is an entrance to Caru's Book Shoppe here.
You can access your shopping list by pressing '$'.
There is a stone staircase leading down here.
You climb downwards.
You hear the sound of rushing water.
There is an entrance to a sewer on this level.
Hurry and find it before the portal rusts away!
Found a stone staircase leading down.
There is a stone staircase leading up here.
Okay, then.
Found an ornate altar of the Wu Jian Council.
As you read the scroll of magic mapping, it crumbles to dust.
You feel aware of your surroundings.
You sensed 4 altars, and 1 shop/portal.
You enter the deep water.
Found a basalt altar of Yredelemnul.
You enter the deep water.
A rat comes into view.
A worm comes into view.
Found 6 gold pieces.
You open the gate.
A worm comes into view.
Found a snail-covered altar of Cheibriados.
The rat bites you.
You closely miss the rat. Your grab misses the rat. The rat misses you.
The rat bites you but does no damage. The rat bites you but does no damage.
The rat barely misses you.
You closely miss the rat. You grab the rat. You constrict the rat.
The rat closely misses you.
You hit the rat.
You kill the rat!
You hear the slow rusting of a drain nearby.
An ice beast comes into view.
Found 5 gold pieces.
Found 14 gold pieces.
Found a stone staircase leading down.
An iguana comes into view.
You see here 5 gold pieces.
You now have 5 gold pieces.
Found a shadowy altar of Dithmenos.
A hound comes into view.
Are you sure you want to abandon this character and quit the game? (Confirm with "yes".)

,* **,*#...,* ##....##* **
*,,,....§* #......# *
**,,...§.###......# **
*,,..§§§.#.......##
,******..§§§§l...#....####
,,,*,,,...§.§....#.......###
,,,*,,,....§§....##.#......#
,,,,,,,......$.#.##.#......##
,,,,,,,...##...#@.Y..#......#
,,,,,,,..,#....#............#***
,,,,,,,.,,#...........#.....##.**
,,,,,,,,*#............#........,*
,,,,,,,,,#....#................,*
,,,,,,,,,,,,.h..........#......**
,,,,,,,,,,,..,........###....#.*
,,,,,,,,,,..,...........#...#####
,,,,,,,,,,,,,,......#..##...#..w.


You could see an ice beast, an iguana (wandering) and a hound (asleep).

Vanquished Creatures
  A rat (D:6)
1 creature vanquished.

Notes
Turn   | Place    | Note
-------+----------+-------------------------------------------
     0 | D:5      | Esekla the Octopode Delver began the quest for the Orb.
     0 | D:5      | Reached XP level 1. HP: 16/16 MP: 1/1
     0 | D:5      | Noticed Pikel
     0 | D:5      | Noticed a lemure
     0 | D:5      | Noticed a lemure
     1 | D:5      | Noticed a lemure
     1 | D:5      | Noticed Grinder
     2 | D:5      | Noticed a lemure
     5 | D:6      | Noticed a phantom
     6 | D:6      | Found an ornate altar of the Wu Jian Council.
    13 | D:6      | Found a basalt altar of Yredelemnul.
    40 | D:6      | Found a snail-covered altar of Cheibriados.
    55 | D:6      | Noticed an ice beast
    72 | D:6      | Noticed an iguana
    74 | D:6      | Found a shadowy altar of Dithmenos.
    78 | D:6      | Noticed a hound
    79 | D:6      | Quit the game

Illustrated notes

Levels and vault maps discovered:
D:5:      layout_basic, amcnicky_altar_gilded, serial_shops,
          nicolae_take_the_stairs, uniq_grinder, uniq_pikel, uniq_edmund,
          uniq_sigmund
D:6:      layout_cave_pools, slow_altar_2, grunt_dithmenos_smoke,
          elyvilon_altar_3, mainiacjoe_overflow_catwalk_spiral,
          lightli_sewer_entry_pipes

Action                     || total
---------------------------++-------
  Melee: Falchion          ||     3
         Constrict         ||     1
    Use: Scroll            ||     1
 Armour: Skin              ||     2
  Dodge: Dodged            ||     3

Table legend: (Time is in decaauts)
 A = Elapsed time spent in this place.
 B = Non-inter-level travel time spent in this place.
 C = Inter-level travel time spent in this place.
 D = Time resting spent in this place.
 E = Time spent auto-exploring this place.
 F = Levels seen in this place.
 G = Mean time per level.
                   A        B        C        D        E       F      G
               +--------+--------+--------+--------+--------+-----+--------+
         Total |     79 |     79 |      0 |      0 |      0 |   2 |   39.5 |
       Dungeon |     79 |     79 |      0 |      0 |      0 |   2 |   39.5 |
               +--------+--------+--------+--------+--------+-----+--------+

Top non-repeatable levels by time:
     D:6: 74 daAuts
     D:5: 5 daAuts
